3R
WATFORD CITY TRASH PANDAS @ MAINE SEA DOGS
08/02/2042
 
TOP OF THE 1ST
Watford City Trash Pandas batting - Pitching for Maine Sea Dogs : LHP Vic Cox
Pitching: LHP Vic Cox
Batting: LHB Ed Cotton 0-0: Ball
1-0: Foul Ball, location: 2F
1-1: Swinging Strike
1-2: Ground out 1-3 (Groundball, 13S, EV 61.9 MPH)
Batting: LHB Don Hartman 0-0: Ground out 4-3 (Groundball, 4, EV 89.4 MPH)
Batting: RHB Sung-jae Nam 0-0: Ball
1-0: Foul Ball, location: 2F
1-1: Ball
2-1: TRIPLE (Flyball, 78XD, EV 100.6 MPH)
Batting: LHB Pedro Rey 0-0: Called Strike
0-1: Ball
1-1: Ball
2-1: Foul Ball, location: 2F
2-2: Strikes out looking
Top of the 1st over - 0 runs, 1 hit, 0 errors, 1 left on base; Watford City 0 - Maine 0
BOTTOM OF THE 1ST
Maine Sea Dogs batting - Pitching for Watford City Trash Pandas : LHP Wayne Chambers
Pitching: LHP Wayne Chambers
Batting: SHB Cristóbal Calzacorta 0-0: Ball
1-0: Called Strike
1-1: Ball
2-1: Ball
3-1: SINGLE (Flyball, 7LM, EV 90.6 MPH)
Batting: RHB Yong-oon P'i 0-0: Called Strike
0-1: Ball
1-1: Grounds into double play, 4-6-3 (Groundball, 34, EV 104.4 MPH)
Batting: SHB José Santos 0-0: Ball
1-0: Ball
2-0: Called Strike
2-1: SINGLE (Line Drive, 4MD, EV 95.0 MPH)
Batting: RHB Michael Weber 0-0: Ball
1-0: Called Strike
1-1: Ground out 4-3 (Groundball, 4, EV 111.2 MPH)
Bottom of the 1st over - 0 runs, 2 hits, 0 errors, 1 left on base; Watford City 0 - Maine 0
TOP OF THE 2ND
Watford City Trash Pandas batting - Pitching for Maine Sea Dogs : LHP Vic Cox
Batting: RHB Zier Weeteling 0-0: Foul Ball, location: 2F
0-1: Ball
1-1: Called Strike
1-2: Ball
2-2: Ball
3-2: Fly out, F8 (Line Drive, 8LD, EV 95.0 MPH)
Batting: SHB José López 0-0: Foul Ball, location: 2F
0-1: Ground out 6-3 (Groundball, 6, EV 85.0 MPH)
Batting: RHB Lee Carlson 0-0: Foul Ball, location: 2F
0-1: Ball
1-1: Fly out, F9 (Flyball, 89M, EV 88.1 MPH)
Top of the 2nd over - 0 runs, 0 hits, 0 errors, 0 left on base; Watford City 0 - Maine 0
BOTTOM OF THE 2ND
Maine Sea Dogs batting - Pitching for Watford City Trash Pandas : LHP Wayne Chambers
Batting: RHB Joe Fuller 0-0: Ball
1-0: Swinging Strike
1-1: Foul Ball, location: 2F
1-2: Strikes out looking
Batting: LHB Bill Fisher 0-0: Swinging Strike
0-1: Foul Ball, location: 2F
0-2: Ball
1-2: Strikes out swinging, 2-3 out at first.
Batting: RHB Javier Carrodeguas 0-0: Called Strike
0-1: Ball
1-1: Foul Ball, location: 2F
1-2: Ball
2-2: Strikes out looking
Bottom of the 2nd over - 0 runs, 0 hits, 0 errors, 0 left on base; Watford City 0 - Maine 0
TOP OF THE 3RD
Watford City Trash Pandas batting - Pitching for Maine Sea Dogs : LHP Vic Cox
Batting: SHB Danny Adams 0-0: Fly out, F9 (Flyball, 9, EV 81.2 MPH)
Batting: LHB Francisco Gallardo 0-0: Called Strike
0-1: Ball
1-1: Foul Ball, location: 2F
1-2: Foul Ball, location: 2F
1-2: Ball
2-2: Ball
3-2: Foul Ball, location: 2F
3-2: Foul Ball, location: 2F
3-2: Base on Balls
Batting: LHB Ed Cotton 0-0: Swinging Strike
0-1: Swinging Strike
0-2: Foul Ball, location: 2F
0-2: Ball
1-2: Ball
2-2: Strikes out looking
Batting: LHB Don Hartman 0-0: Ball
1-0: Swinging Strike
1-1: Ball
2-1: Ground out 4-3 (Groundball, 4, EV 84.4 MPH)
Top of the 3rd over - 0 runs, 0 hits, 0 errors, 1 left on base; Watford City 0 - Maine 0
BOTTOM OF THE 3RD
Maine Sea Dogs batting - Pitching for Watford City Trash Pandas : LHP Wayne Chambers
Batting: LHB Héctor Ancelno 0-0: Called Strike
0-1: Swinging Strike
0-2: Ball
1-2: Ball
2-2: Ball
3-2: Strikes out swinging, 2-3 out at first.
Batting: RHB Lenny Taunton 0-0: Called Strike
0-1: Ball
1-1: Ball
2-1: Swinging Strike
2-2: Strikes out swinging
Batting: SHB Cristóbal Calzacorta 0-0: Fly out, F9 (Line Drive, 9D, EV 93.8 MPH)
Bottom of the 3rd over - 0 runs, 0 hits, 0 errors, 0 left on base; Watford City 0 - Maine 0
TOP OF THE 4TH
Watford City Trash Pandas batting - Pitching for Maine Sea Dogs : LHP Vic Cox
Batting: RHB Sung-jae Nam 0-0: Ball
1-0: Foul Ball, location: 2F
1-1: Fly out, F7 (Flyball, 78M, EV 86.2 MPH)
Batting: LHB Pedro Rey 0-0: Ball
1-0: Ball
2-0: Ball
3-0: Called Strike
3-1: Called Strike
3-2: DOUBLE (Groundball, 3L, EV 113.1 MPH)
Batting: RHB Zier Weeteling 0-0: DOUBLE (Line Drive, 3D, EV 105.6 MPH)
Pedro Rey scores
Batting: SHB José López 0-0: Ground out 6-3 (Groundball, 6, EV 82.5 MPH)
Batting: RHB Lee Carlson 0-0: Fly out, F8 (Flyball, 78D, EV 105.6 MPH)
Top of the 4th over - 1 run, 2 hits, 0 errors, 1 left on base; Watford City 1 - Maine 0
BOTTOM OF THE 4TH
Maine Sea Dogs batting - Pitching for Watford City Trash Pandas : LHP Wayne Chambers
Batting: RHB Yong-oon P'i 0-0: Ball
1-0: Called Strike
1-1: Ball
2-1: Ground out 4-3 (Groundball, 4M, EV 101.9 MPH)
Batting: SHB José Santos 0-0: Ball
1-0: SINGLE (Groundball, 4MD, EV 101.9 MPH)
Batting: RHB Michael Weber 0-0: Ball
1-0: Foul Ball, location: 2F
1-1: Fly out, F8 (Flyball, 8RD, EV 93.8 MPH)
Batting: RHB Joe Fuller 0-0: Ball
1-0: Ground out 1-3 (Groundball, 13, EV 62.5 MPH)
Bottom of the 4th over - 0 runs, 1 hit, 0 errors, 1 left on base; Watford City 1 - Maine 0
TOP OF THE 5TH
Watford City Trash Pandas batting - Pitching for Maine Sea Dogs : LHP Vic Cox
Batting: SHB Danny Adams 0-0: Foul Ball, location: 2F
0-1: Ball
1-1: Foul Ball, location: 2F
1-2: Ball
2-2: Ball
3-2: Foul Ball, location: 2F
3-2: Ground out 5-3 (Groundball, 56, EV 83.1 MPH)
Batting: LHB Francisco Gallardo 0-0: Called Strike
0-1: Ball
1-1: Ground out 4-3 (Groundball, 4M, EV 103.8 MPH)
Batting: LHB Ed Cotton 0-0: Ball
1-0: TRIPLE (Flyball, 8LXD, EV 110.0 MPH)
Batting: LHB Don Hartman 0-0: SINGLE (Line Drive, 8RS, EV 110.0 MPH)
Ed Cotton scores
Batting: RHB Sung-jae Nam Pickoff Throw to First - Out! 1-3
Top of the 5th over - 1 run, 2 hits, 0 errors, 0 left on base; Watford City 2 - Maine 0
BOTTOM OF THE 5TH
Maine Sea Dogs batting - Pitching for Watford City Trash Pandas : LHP Wayne Chambers
Batting: LHB Bill Fisher 0-0: Called Strike
0-1: Swinging Strike
0-2: Foul Ball, location: 2F
0-2: Ball
1-2: Strikes out swinging
Batting: RHB Javier Carrodeguas 0-0: Ball
1-0: Swinging Strike
1-1: Swinging Strike
1-2: Foul Ball, location: 2F
1-2: Strikes out swinging
Batting: LHB Héctor Ancelno 0-0: DOUBLE (Line Drive, 9LD, EV 111.9 MPH)
Batting: RHB Lenny Taunton 0-0: Fly out, F8 (Line Drive, 8LD, EV 100.6 MPH)
Bottom of the 5th over - 0 runs, 1 hit, 0 errors, 1 left on base; Watford City 2 - Maine 0
TOP OF THE 6TH
Watford City Trash Pandas batting - Pitching for Maine Sea Dogs : LHP Vic Cox
Batting: RHB Sung-jae Nam 0-0: SINGLE (Line Drive, 6M, EV 96.2 MPH)
Batting: LHB Pedro Rey 0-0: Ball
1-0: Ball
2-0: Foul Ball, location: 2F
2-1: Ball
3-1: Foul Ball, location: 2F
3-2: Foul Ball, location: 2F
3-2: SINGLE (Line Drive, 78M, EV 90.6 MPH)
Sung-jae Nam to second
Batting: RHB Zier Weeteling 0-0: Called Strike
0-1: Called Strike
0-2: Ball
Wild Pitch!
Sung-jae Nam to third
Pedro Rey to second
1-2: Ball
2-2: Fly out, F7 (Flyball, 7S, EV 75.6 MPH)
Batting: SHB José López 0-0: Foul Ball, location: 2F
0-1: Ground out 5-3 (Groundball, 5L, EV 109.4 MPH)
Batting: RHB Lee Carlson 0-0: Ball
1-0: Swinging Strike
1-1: Called Strike
1-2: Ball
2-2: Ball
3-2: Fly out, F7 (Line Drive, 7D, EV 91.2 MPH)
Top of the 6th over - 0 runs, 2 hits, 0 errors, 2 left on base; Watford City 2 - Maine 0
BOTTOM OF THE 6TH
Maine Sea Dogs batting - Pitching for Watford City Trash Pandas : LHP Wayne Chambers
Pitching: LHP León Morán
Batting: SHB Cristóbal Calzacorta 0-0: Called Strike
0-1: Ball
1-1: Foul Ball, location: 2F
1-2: Ball
2-2: SINGLE (Groundball, 34D, EV 95.6 MPH)
Batting: RHB Yong-oon P'i 0-0: Ball
1-0: Swinging Strike
1-1: Ball
2-1: Called Strike
2-2: Foul Ball, location: 2F
2-2: Fielders Choice at 2nd, 4-6 (Groundball, 4, EV 89.4 MPH)
Batting: SHB José Santos 0-0: Fly out, F9 (Flyball, 9, EV 86.9 MPH)
Batting: RHB Michael Weber 0-0: Ball
1-0: Called Strike
1-1: Ball
Wild Pitch!
Yong-oon P'i to second
2-1: SINGLE (Line Drive, 4MD, EV 105.6 MPH)
Yong-oon P'i to third
Batting: RHB Joe Fuller 0-0: Ball
1-0: Swinging Strike
1-1: Foul Ball, location: 2F
1-2: Foul Ball, location: 2F
1-2: Fly out, F7 (Flyball, 7LS, EV 73.8 MPH)
Bottom of the 6th over - 0 runs, 2 hits, 0 errors, 2 left on base; Watford City 2 - Maine 0
TOP OF THE 7TH
Watford City Trash Pandas batting - Pitching for Maine Sea Dogs : LHP Vic Cox
Pitching: RHP Ignacio González
Batting: SHB Danny Adams 0-0: Ball
1-0: Ball
2-0: Foul Ball, location: 2F
2-1: Swinging Strike
2-2: DOUBLE (Flyball, 89XD, EV 108.8 MPH)
Batting: LHB Francisco Gallardo 0-0: Ground out U3 (Groundball, 34, EV 103.1 MPH)
Danny Adams to third
Batting: LHB Ed Cotton 0-0: Foul Ball, location: 2F
0-1: Fly out, F9 (Line Drive, 9, EV 96.9 MPH)
Runner from 3rd tags up, SCORES, throw by RF
Batting: LHB Don Hartman 0-0: SINGLE (Groundball, 3D, EV 99.4 MPH)
Batting: RHB Sung-jae Nam 0-0: Called Strike
0-1: Ball
1-1: Called Strike
1-2: SINGLE (Line Drive, 4MD, EV 103.8 MPH)
Don Hartman to second
Runner from 2nd tries for 3rd, SAFE, no throw by CF
Batting: LHB Pedro Rey 0-0: Foul Ball, location: 2F
0-1: Ball
1-1: Called Strike
1-2: Ball
2-2: Ground out 4-3 (Groundball, 4S, EV 83.8 MPH)
Top of the 7th over - 1 run, 3 hits, 0 errors, 2 left on base; Watford City 3 - Maine 0
BOTTOM OF THE 7TH
Maine Sea Dogs batting - Pitching for Watford City Trash Pandas : LHP León Morán
Batting: LHB Bill Fisher 0-0: Ball
1-0: Called Strike
1-1: Foul Ball, location: 2F
1-2: Fly out, F9 (Flyball, 9LD, EV 90.0 MPH)
Batting: RHB Javier Carrodeguas 0-0: Swinging Strike
0-1: Ball
1-1: Ball
2-1: Ball
3-1: Called Strike
3-2: Foul Ball, location: 2F
3-2: Foul Ball, location: 2F
3-2: Fly out, F3 (Popup, 3SF, EV 70.0 MPH)
Batting: LHB Héctor Ancelno 0-0: Called Strike
0-1: Ball
1-1: Called Strike
1-2: Ball
2-2: Ball
3-2: Fly out, F8 (Flyball, 8RD, EV 82.5 MPH)
Bottom of the 7th over - 0 runs, 0 hits, 0 errors, 0 left on base; Watford City 3 - Maine 0
TOP OF THE 8TH
Watford City Trash Pandas batting - Pitching for Maine Sea Dogs : RHP Ignacio González
Batting: RHB Zier Weeteling 0-0: Called Strike
0-1: Swinging Strike
0-2: Ball
1-2: Strikes out looking
Batting: SHB José López 0-0: Ball
1-0: Ball
2-0: Ball
3-0: Called Strike
3-1: Foul Ball, location: 2F
3-2: Ground out 4-3 (Groundball, 4, EV 105.6 MPH)
Batting: RHB Lee Carlson 0-0: Ball
1-0: Ball
2-0: Ground out 6-3 (Groundball, 6, EV 78.1 MPH)
Top of the 8th over - 0 runs, 0 hits, 0 errors, 0 left on base; Watford City 3 - Maine 0
BOTTOM OF THE 8TH
Maine Sea Dogs batting - Pitching for Watford City Trash Pandas : LHP León Morán
Batting: RHB Lenny Taunton 0-0: Ball
1-0: Ground out 5-3 (Groundball, 5, EV 111.2 MPH)
Batting: SHB Cristóbal Calzacorta 0-0: Foul Ball, location: 2F
0-1: SINGLE (Line Drive, 34D, EV 94.4 MPH)
Pitching: RHP Edgardo López
Batting: RHB Yong-oon P'i 0-0: Called Strike
0-1: Foul Ball, location: 2F
0-2: Ball
1-2: Fielders Choice at 2nd, 5-4 (Groundball, 56, EV 83.1 MPH)
Batting: SHB José Santos 0-0: SINGLE (Groundball, 4MD, EV 97.5 MPH)
Yong-oon P'i to second
Batting: RHB Michael Weber 0-0: Ball
1-0: Ball
2-0: Called Strike
2-1: DOUBLE (Flyball, 89D, EV 93.1 MPH)
Yong-oon P'i scores
José Santos to third
Batting: RHB Joe Fuller 0-0: Ball
1-0: Called Strike
1-1: Swinging Strike
1-2: Ball
2-2: Foul Ball, location: 2F
2-2: Strikes out swinging
Bottom of the 8th over - 1 run, 3 hits, 0 errors, 2 left on base; Watford City 3 - Maine 1
TOP OF THE 9TH
Watford City Trash Pandas batting - Pitching for Maine Sea Dogs : RHP Ignacio González
Batting: SHB Danny Adams 0-0: Foul Ball, location: 2F
0-1: SINGLE (Groundball, 4D, EV 99.4 MPH)
Batting: LHB Francisco Gallardo 0-0: Ball
1-0: Grounds into double play, 4-6-3 (Groundball, 4, EV 96.9 MPH)
Batting: LHB Ed Cotton 0-0: Ball
1-0: Ball
2-0: Ball
3-0: Called Strike
3-1: Fly out, F9 (Line Drive, 9D, EV 96.9 MPH)
Top of the 9th over - 0 runs, 1 hit, 0 errors, 0 left on base; Watford City 3 - Maine 1
BOTTOM OF THE 9TH
Maine Sea Dogs batting - Pitching for Watford City Trash Pandas : RHP Edgardo López
Pitching: RHP Mike Gould
Batting: LHB Bill Fisher 0-0: Ground out 4-3 (Groundball, 4MS, EV 82.5 MPH)
Batting: RHB Javier Carrodeguas 0-0: Called Strike
0-1: Ball
1-1: Foul Ball, location: 2F
1-2: Ball
2-2: Strikes out looking
Batting: LHB Héctor Ancelno 0-0: Fly out, F7 (Flyball, 78D, EV 106.2 MPH)
Bottom of the 9th over - 0 runs, 0 hits, 0 errors, 0 left on base; Watford City 3 - Maine 1
Friday, March 26th, 2021 - OOTP Baseball 20.8 Build 74